AoeStats
← Sorry Im New

Yucatan

511082309Analyzed
2v2 RM · 6h ago on Oct 3, 2026· 101m 49s· 4 players
Game mode
Random Map
Map size
Medium (4 player)
Population
200
Speed
Normal
Resources
Standard
Victory
Conquest
Starting age
Dark Age
Ending age
Imperial Age
RankedLock teamsTeams togetherTeam positionsShared explorationLock speedFull tech treeHidden civsTurbo modeCheats
Victory
Defeat
🇨🇦 Celts · Canada
696
+19
🇬🇷 Vikings · Greece
664
+18
🇪🇸 Turks · Spain
701
-17
🇪🇸 Poles · Spain
697
-17
NaVaRxOs
15:58 Feudal Age
16:28 Horse Collar
16:38 Double-Bit Axe
19:57 Gold Mining
22:58 Castle Age
21:24 Town Watch
21:25 Loom
22:34 Stone Mining
23:49 Forging
23:41 Scale Mail Armor
25:20 Heavy Plow
25:55 Bow Saw
31:36 Elite Skirmisher
33:18 Gold Shaft Mining
33:00 Pikeman
33:01 Man-at-Arms
33:43 Squires
33:53 Caravan
34:17 Padded Archer Armor
34:09 Fletching
34:56 Iron Casting
38:14 Imperial Age
37:42 Ballistics
37:35 Masonry
37:07 Treadmill Crane
37:23 Murder Holes
37:51 Leather Archer Armor
37:47 Bodkin Arrow
38:15 Chain Mail Armor
39:05 Scale Barding Armor
40:18 Conscription
41:01 Chemistry
40:33 Architecture
41:10 Blast Furnace
40:50 Plate Mail Armor
41:27 Long Swordsman
42:04 Capped Ram
43:51 Light Cavalry
46:08 Cavalier
75:34 Crop Rotation
77:39 Bracer
79:56 Two-Man Saw
93:58 Chain Barding Armor
Sorry Im New
10:52 Feudal Age
14:29 Castle Age
12:58 Double-Bit Axe
12:54 Horse Collar
15:07 Wheelbarrow
15:38 Bow Saw
21:25 Stone Mining
22:34 Loom
22:36 Town Watch
23:23 Hand Cart
26:32 Stone Shaft Mining
25:47 Gold Mining
30:05 Imperial Age
30:04 Town Patrol
30:16 Fletching
30:16 Onager
31:04 Scale Mail Armor
31:14 Forging
32:57 Furor Celtica
33:40 Bodkin Arrow
34:00 Chain Mail Armor
33:56 Forging
34:12 Siege Engineers
34:28 Ballistics
35:08 Chemistry
34:19 Masonry
34:05 Murder Holes
34:40 Siege Onager
36:37 Elite Woad Raider
37:38 Conscription
37:48 Plate Mail Armor
37:54 Iron Casting
38:07 Hoardings
43:28 Blast Furnace
48:52 Gold Shaft Mining
48:20 Heavy Plow
50:07 Coinage
49:47 Guilds
51:17 Banking
50:58 Guilds
53:47 Fortified Wall
58:34 Caravan
57:58 Spies/Treason
59:18 Guard Tower
59:14 Arrowslits
60:48 Keep
63:14 Heated Shot
67:38 Capped Ram
67:38 Heavy Scorpion
73:45 Siege Ram
Falso 9
13:27 Feudal Age
15:01 Wheelbarrow
14:53 Horse Collar
15:12 Double-Bit Axe
17:46 Stone Mining
21:25 Castle Age
22:19 Heavy Plow
22:36 Hand Cart
22:36 Bow Saw
24:33 Treadmill Crane
24:43 Town Watch
32:47 Imperial Age
31:54 Town Patrol
34:13 Conscription
34:35 Murder Holes
36:07 Artillery
39:29 Gold Mining
42:19 Two-Man Saw
52:15 Husbandry
52:26 Bloodlines
51:36 Heavy Camel Rider
60:52 Ballistics
61:17 Gold Shaft Mining
91:02 Guilds
DEPORAI
12:51 Feudal Age
13:23 Double-Bit Axe
13:19 Horse Collar
14:16 Wheelbarrow
13:27 Town Watch
13:52 Gold Mining
17:35 Stone Mining
21:12 Castle Age
19:53 Bloodlines
20:36 Scale Barding Armor
20:23 Fletching
20:44 Forging
22:22 Hand Cart
22:52 Stone Shaft Mining
22:27 Heavy Plow
23:02 Bow Saw
24:18 Husbandry
27:05 Szlachta Privileges
27:49 Murder Holes
29:11 Ballistics
30:14 Bodkin Arrow
34:17 Imperial Age
37:27 Chemistry
36:45 Cavalier
Connection lost

Rejoining the realm…

Still unreachable

The connection could not be restored.

Session expired

The server has moved on; the page needs a fresh start.